 Dungeon Crawl Stone Soup version 0.24-a0-725-gf1a930fc54 (webtiles) character file.

Game seed: 8940882766696631080, levelgen mode: deterministic

751 Kairok the Sneak (level 7, -1/36 HPs)
             Began as a Vine Stalker Assassin on Oct 1, 2019.
             Slain by Pikel
             ... wielding a +2 whip of electrocution
              (13 damage)
             ... on level 5 of the Dungeon.
             The game lasted 00:05:41 (3423 turns).

Kairok the Sneak (Vine Stalker Assassin)            Turns: 3423, Time: 00:05:41

Health: -1/36      AC:  7    Str: 13    XL:     7   Next: 78%
Magic:  0/8        EV: 11    Int: 11    God:
Gold:   215        SH:  0    Dex: 18    Spells: 6/6 levels left

rFire    . . .     SeeInvis .   a - +2 dagger
rCold    . . .     Gourm    .   (no shield)
rNeg     . . .     Faith    .   t - +0 ring mail {rPois}
rPois    +         Spirit   +   q - +0 helmet
rElec    .         Reflect  .   c - +0 cloak
rCorr    .         Harm     .   (no gloves)
MR       .....                  (no boots)
Stlth    +++.......             (no amulet)
HPRegen  0.52/turn              (no ring)
MPRegen  0.11/turn              (no ring)

@: no status effects
A: fangs 2, regeneration 1, magic shield, antimagic bite, no potion heal 3, rot
immunity
a: no special abilities


You were on level 5 of the Dungeon.
You were hungry.

You visited 1 branch of the dungeon, and saw 5 of its levels.

You collected 215 gold pieces.

Inventory:

Hand Weapons
 a - a +2 dagger (weapon)
Missiles
 d - 8 poisoned darts (quivered)
 e - 2 curare-tipped darts
Armour
 c - a +0 cloak (worn)
 q - a +0 helmet (worn)
 t - a +0 ring mail of poison resistance (worn)
Wands
 s - a wand of flame (18)
Scrolls
 h - 2 scrolls of magic mapping
 i - 2 scrolls of fear
 j - 4 scrolls of teleportation
 m - 2 scrolls of remove curse
 r - 2 scrolls of blinking
Potions
 b - a potion of cancellation {unknown}
 g - a potion of mutation {unknown}
 k - a potion of agility
 l - 2 potions of heal wounds {unknown}
 o - a potion of flight
 p - 3 potions of curing
Comestibles
 f - 12 rations


   Skills:
 + Level 3.3 Fighting
 + Level 4.2 Short Blades
 + Level 2.1 Throwing
 + Level 2.7 Armour
 + Level 2.4 Dodging
 + Level 7.3 Stealth


You had 6 spell levels left.
You didn't know any spells.
Your spell library was empty.

Dungeon Overview and Level Annotations

Branches:
Dungeon (5/15)
 Temple: D:4-7

Altars:

Annotations:
D:5 1 runed translucent door, DasRunzen's ghost, amateur TeFi; Pikel


Innate Abilities, Weirdness & Mutations

You have extremely sharp teeth.
Your natural rate of healing is unusually fast.
When hurt, damage is shared between your health and your magic reserves.
Your bite disrupts and absorbs the magic of your enemies.
Potions cannot restore your health.
You are immune to rotting.


Message History

You are too injured to fight recklessly!
You are too injured to fight recklessly!
You are too injured to fight recklessly!
You are too injured to fight recklessly!
You are too injured to fight recklessly!
There are monsters nearby!
There are monsters nearby!
You are too injured to fight recklessly!
Press: ? - help, v - describe, . - travel
Here: Pikel, wielding a +2 whip of electrocution and wearing a +0 robe (lightly wounded)
The floor.
Evoke which item? (* to show all) (? for menu, Esc to quit)
Aiming: Throw Flame
Press: ? - help, Shift-Dir - straight line, f - Pikel
Aim: Pikel, wielding a +2 whip of electrocution and wearing a +0 robe (lightly wounded)
The puff of flame hits Pikel.
Pikel is moderately wounded.
Pikel hits you with a +2 whip of electrocution!
You are electrocuted!
You die...

........#
#####.#..##......#
#####.###
##.........######
#####.######.....#.####
......##...<.....#.#
###.####...#.....#.#
########...+.....#.##
.#..W..#...#######..#
.+≈≈≈≈?###########..##
.#.....# #..pK@?...#
######## #.######...#
#. ...# ## ...# ...#
..>. #.###


You could see Pikel and a slave.

Vanquished Creatures
  A phantom (D:3)
  A centaur (D:5)
  A bullfrog (D:5)
  A scorpion (D:5)
  2 howler monkeys (D:5)
  A centaur skeleton (D:4)
  A hound (D:5)
  Jessica (D:3)
  Ijyb (D:3)
  An iguana (D:4)
  A worker ant (D:4)
  Robin (D:3)
  11 adders
  An adder skeleton (D:5)
  2 worms
  A dart slug (D:1)
  4 leopard geckos
  11 orcs
  11 bats
  4 giant cockroaches
  13 hobgoblins
  13 jackals
  6 kobolds
  A ball python (D:1)
  5 frilled lizards
  12 goblins
  A jackal skeleton (D:4)
  A quokka skeleton (D:4)
  8 rats
118 creatures vanquished.

Notes
Turn   | Place    | Note
-------+----------+-------------------------------------------
     0 | D:1      | Kairok the Vine Stalker Assassin began the quest for the
                  | Orb.
     0 | D:1      | Reached XP level 1. HP: 11/11 MP: 2/2
    37 | D:1      | Reached skill level 5 in Stealth
   167 | D:1      | Reached XP level 2. HP: 9/15 MP: 3/3
   377 | D:1      | Reached skill level 1 in Dodging
   382 | D:1      | Reached XP level 3. HP: 15/18 MP: 4/4
  1089 | D:2      | Reached skill level 6 in Stealth
  1148 | D:2      | Gained mutation: Your natural rate of healing is unusually
                  | fast. [Vine Stalker growth]
  1148 | D:2      | Reached XP level 4. HP: 18/23 MP: 5/5
  1638 | D:3      | Reached XP level 5. HP: 26/26 MP: 6/6
  1874 | D:3      | Noticed Jessica
  1887 | D:3      | Killed Jessica
  1952 | D:3      | Noticed Robin
  2055 | D:3      | Killed Robin
  2125 | D:3      | Noticed Ijyb
  2127 | D:3      | Killed Ijyb
  2127 | D:3      | Reached skill level 1 in Armour
  2231 | D:4      | Reached XP level 6. HP: 31/32 MP: 7/7
  2378 | D:4      | Noticed a phantom
  2489 | D:3      | Killed a phantom
  2696 | D:4      | Reached XP level 7. HP: 25/36 MP: 6/8
  2920 | D:5      | Entered Level 5 of the Dungeon
  2977 | D:5      | HP: 1/36 [hound (3)]
  2991 | D:5      | HP: 1/36 [centaur/arrow (6)]
  2999 | D:5      | Reached skill level 7 in Stealth
  3113 | D:5      | Found a runed translucent door.
  3114 | D:5      | Noticed DasRunzen's ghost (amateur TeFi)
  3415 | D:5      | Noticed Pikel
  3423 | D:5      | Slain by Pikel

Levels and vault maps discovered:
D:1:      giann_forest_graveyard, layout_basic
D:2:      layout_rooms, first_ration
D:3:      layout_basic, uniq_robin, uniq_jessica, uniq_ijyb
D:4:      layout_cave_pools
D:5:      layout_basic, serial_corexii_hall, chequers_hall_statues_wall_a,
          corexii_hall_statues_x, ebering_ghost_reflecting_pool, uniq_pikel

Skill      XL: |  1  2  3  4  5  6  7 |
---------------+----------------------+-----
Stealth        | 5 6 7 |  7.3
Short Blades   | 2 3 4 |  4.2
Dodging        | 1 2 |  2.4
Fighting       | 2 3 |  3.3
Armour         | 1 2 |  2.7
Throwing       | 2 |  2.1

Action                   |  1- 3 |  4- 6 |  7- 9 || total
-------------------------+-------+-------+-------++-------
Melee: Dagger            |   112 |   275 |    68 ||   455
       Bite              |    26 |    83 |    20 ||   129
Throw: Dart              |       |     7 |       ||     7
Evoke: Wand              |       |       |     1 ||     1
  Use: Scroll            |     5 |     2 |     1 ||     8
       Potion            |       |     1 |     2 ||     3
 Stab: Sleeping          |    10 |     6 |     4 ||    20
       Distracted        |       |     2 |     1 ||     3
  Eat: Chunk             |       |     6 |     2 ||     8
Armor: Robe              |    13 |       |       ||    13
       Ring mail         |    13 |   117 |    19 ||   149
Dodge: Dodged            |    59 |   185 |    47 ||   291

Table legend:
 A = Non-vault XP
 B = Vault XP
 C = Vault XP percentage of total XP
 D = Non-vault monster count
 E = Vault monster count
 F = Vault count percentage of total count
                 A         B        C        D         E       F
            +---------+---------+-------+---------+---------+-------
      Total |     965 |     109 |  10.1 |     104 |      14 |  11.9
            +---------+---------+-------+---------+---------+-------
        D:1 |      50 |       0 |   0.0 |      27 |       0 |   0.0
        D:2 |      83 |       8 |   8.8 |      18 |       4 |  18.2
        D:3 |     182 |     101 |  35.7 |      21 |      10 |  32.3
        D:4 |     210 |       0 |   0.0 |      26 |       0 |   0.0
        D:5 |     440 |       0 |   0.0 |      12 |       0 |   0.0
            +---------+---------+-------+---------+---------+-------
